karatist, neutral male human Monk ----- -------- |/@m| |......| --------- ------------- |.@.| |......| ........| ##............| --|-- |......| |.>.....-# # |...........| # |......| |.......|#################............| # |.......###### -----|--- # ---.--------- # |......| # ### ### #### # --.----- ### # # # # # #### ### ### # # ###### # # # ###### -+-.-# # ## --|--.---------- |...|# # --.-- |..............| |...|# ---------# |...| |..............| |...-####.........# |...| |..............| |...|### |.......| |...| ---------------- |...| # |.<.....| |...| ----- ##........| |...| --------- |...| ----- karatist the Candidate Experience level: 2 Strength: 18 Dexterity: 16 Constitution: 11 Intelligence: 9 Wisdom: 10 Charisma: 9 Health: 0(19) Energy: 7(7) Def: 6 Gold: 115 Moves: 839 Dungeon seed: 7cR_E6j7Un_nyNZF Game ID: karatist_1474965286 Your Inventory: Coins $ - 115 gold pieces Armor e - an uncursed +2 pair of leather gloves (being worn) n - an uncursed +1 robe (being worn) Comestibles d - 4 uncursed food rations f - 5 uncursed apples g - 5 uncursed oranges h - 3 uncursed fortune cookies i - 2 uncursed tripe rations k - 2 uncursed tins of gecko meat Scrolls b - an uncursed scroll of magic mapping l - an uncursed scroll of enchant armor Spellbooks a - a blessed spellbook of protection Potions c - 3 uncursed potions of healing Wands j - a wand of light (0:14) Spells and supernatural/magical abilities: Name Level Category Fail Memory p - protection 1 clerical 0% 96% W - pray for help -- divine ? -- Your skills at the end: Fighting Skills martial arts [Basic] Weapon Skills Spellcasting Skills healing spells [Basic] Final Attributes: You were devoutly aligned. You were sleep resistant. You saw invisible. You were held by a giant mimic. You were fast. You are dead. Vanquished creatures: 2 jackals a fox a kobold a sewer rat a grid bug a lichen 4 newts 11 creatures vanquished. Voluntary challenges: You followed a strict vegan diet. You were an atheist. You never hit with a wielded weapon. You were illiterate. You never genocided any monsters. You never polymorphed an object. You never changed form. You used no wishes. You never split a pudding. You never wrote Elbereth's name. You never violated your personal moral code. Dungeon overview: The Dungeons of Doom: levels 1 to 3 Level 1 some fountains a long staircase Level 2 Level 3 <- You were here a general store History has recorded: On T:1 you entered the Dungeons of Doom to retrieve the Amulet of Yendor! On T:473 you reached level 2 of The Dungeons of Doom. On T:543 you advanced to experience level 2. On T:660 you reached level 3 of The Dungeons of Doom. Score breakdown: Gold: 115 ( 7022 points) Experience: 2 levels ( 5570 points) Exploration: 3 levels ( 6.38%) ( 6255 points) Discoveries: 0 items ( 0.00%) ( 0 points) Valuables value: (no points given unless you survive) Artifact value: 0 ( 0 points) Variety of kills: 7 monsters ( 1.84%) ( 4066 points) Turncount: 839 turns ( 0 points) Survival: died (score multiplied by 80%) Total score: 18330 Latest messages: That food really hit the spot! You finish eating the food ration. The newt staggers from your powerful strike! You kill the newt! There are a few objects here. The kitten eats a newt corpse. You displace your kitten. You see here 2 food rations. d - 2 uncursed food rations. You displace your kitten. The door opens. You displace your kitten. (2x) This door is locked. That door is closed. The door resists! The door opens. "Hello, karatist! Welcome to Pakka Pakka's general store!" You see here a pine wand (200 zorkmids). You see here a dull spellbook (177 zorkmids). Wait! That's a giant mimic! You hit the giant mimic! The giant mimic hits! (2x) You die... Pakka Pakka gratefully inherits all your possessions. Final status: Goodbye karatist the Monk, killed by a giant mimic... You died in The Dungeons of Doom on dungeon level 3 with 18330 points, and 115 pieces of gold, after 839 moves. You were level 2 with a maximum of 19 hit points when you died.